 Dungeon Sprint DCSS version 0.27-a0-1319-geec4fb4e21 (webtiles) character file.

Game seed: 731678610376958264

1988 mhtbhm the Eclecticist (level 9, 0/39 HPs)
             Began as a Spriggan Earth Elementalist on June 21, 2021.
             Was a Priest of Vehumet.
             Shot with an arrow by a centaur warrior (7 damage)
             ... in the Dungeon (Sprint III: "The Ten Rune Challenge").
             The game lasted 00:04:34 (1223 turns).

mhtbhm the Eclecticist (SpEE)                       Turns: 1223, Time: 00:04:35

Health: 0/39       AC:  4    Str:  4    XL:     9   Next: 1%
Magic:  21/29      EV: 18    Int: 20    God:    Vehumet [***...]
Gold:   33         SH:  0    Dex: 15    Spells: 24/39 levels left

rFire    . . .     SeeInvis +   (weapon restricted)
rCold    . . .     Faith    .   (shield restricted)
rNeg     + . .     Spirit   .   b - +2 robe {rN+}
rPois    .         Reflect  .   (helmet restricted)
rElec    .         Harm     .   (no cloak)
rCorr    .         Rampage  .   (gloves unavailable)
Will     +....     NoTele   +   (boots unavailable)
Stlth    +++.......             (no amulet)
HPRegen  0.13/turn              (no ring)
MPRegen  0.21/turn              (no ring)

@: very quick
A: very small, no large weapons, unfitting armour, see invisible, speed 3
a: Renounce Religion


You were in the Dungeon.
You worshipped Vehumet.
Vehumet was most pleased with you.
You visited 1 branch You collected 33 gold pieces.

Inventory:

Missiles
 i - 14 stones
Armour
 b - a +2 robe of positive energy (worn)
Scrolls
 a - a scroll of torment {unknown}
 h - a scroll of blinking
 j - 4 scrolls of identify
 m - 2 scrolls of holy word {unknown}
Potions
 c - a potion of might
 d - a potion of heal wounds
 e - a potion of haste
 f - 2 potions of magic
 g - a potion of berserk rage
 k - 2 potions of flight {unknown}
 l - 5 potions of mutation
Miscellaneous
 n - a box of beasts


   Skills:
 + Level 4.5 Dodging
 + Level 5.2 Stealth
 + Level 15.9 Spellcasting
 + Level 2.6 Conjurations
 + Level 2.3 Transmutations
 + Level 12.4 Earth Magic


You had 24 spell levels left.
You knew the following spells:

 Your Spells              Type           Power      Damage    Failure   Level
a - Sandblast             Erth           100%       2d20      0%          1
b - Passwall              Tmut/Erth      37%        N/A       1%          2
c - Stone Arrow           Conj/Erth      92%        3d12      1%          3
d - Lee's Rapid Deconstr  Erth           30%        3d17*     1%          5
e - Petrify               Tmut/Erth      45%        N/A       1%          4

Your spell library contained the following spells:

 Spells                   Type           Power      Damage    Failure   Level
 Ignite Poison            Fire/Tmut/Pois 19%        N/A       2%          3
 Summon Small Mammal      Summ           60%        N/A       3%          1
 Call Imp                 Summ           15%        N/A       6%          2
 Call Canine Familiar     Summ           15%        N/A       12%         3
 Confusing Touch          Hex            15%        N/A       12%         3
 Gell's Gravitas          Tloc           7%         N/A       12%         3
 Summon Guardian Golem    Hex/Summ       15%        N/A       12%         3
 Yara's Violent Unravell  Hex/Tmut       10%        3d6       17%         5
 Summon Ice Beast         Ice/Summ       15%        N/A       36%         4
 Summon Lightning Spire   Summ/Air       15%        N/A       36%         4
 Metabolic Englaciation   Hex/Ice        7%         N/A       71%         5


Dungeon Overview and Level Annotations

Branches:
Dungeon (1/1)

Altars:
Cheibriados
Dithmenos
Elyvilon
Fedhas
Gozag
Hepliaklqana
Kikubaaqudgha
Makhleb
Nemelex Xobeh
Okawaru
Qazlal
Ru
Sif Muna
Trog
Uskayaw
Vehumet
Wu Jian
Xom
Yredelemnul
Zin
The Shining One
Beogh
Jiyva
Lugonu


Innate Abilities, Weirdness & Mutations

You are very small and have problems with some larger weapons.
You are too small for most types of armour.
You have supernaturally acute eyesight. (SInv)
You cover ground extremely quickly. (Speed+++)


Message History

t - Shout!
Orders for allies: a - Attack new target. r - Retreat! s - Stop attacking. g - Guard the area. f - Follow me.
Anything else - Cancel.
You shout for attention!
You hear a shout! x2
A centaur comes into view.
The centaur wields a +0 shortbow.
The centaur shoots an arrow.
The arrow barely misses you.
Unknown command.
A centaur warrior comes into view.
Casting: Lee's Rapid Deconstruction (dangerous; 1% risk of failure)
Confirm with . or Enter, or press ? or * to list all spells.
Aiming: Lee's Rapid Deconstruction (dangerous; 1% risk of failure)
Press: ? - help, Dir - move target A stone wall.
The wall shatters!
The blast of rock fragments hits the centaur warrior!!
The centaur warrior is moderately wounded.
The centaur warrior wields a +0 shortbow of freezing.
It is covered in frost.
The centaur warrior shoots an arrow.
The arrow hits you! The arrow freezes you.
Unknown command.
Unknown command.
Casting: Lee's Rapid Deconstruction (dangerous; 1% risk of failure)
Confirm with . or Enter, or press ? or * to list all spells.
Aiming: Lee's Rapid Deconstruction (dangerous; 1% risk of failure)
Press: ? - help, Dir - move target A stone wall.
The wall shatters!
Vehumet accepts your kill.
You feel your power returning.
You feel a bit more experienced.
The blast of rock fragments hits the centaur warrior!
The centaur warrior is severely wounded.
Vehumet accepts your kill.
You feel your power returning.
You feel a bit more experienced.
The centaur warrior shoots an arrow.
The arrow hits you!
* * * LOW HITPOINT WARNING * * *
The arrow freezes you!
You die...

#÷###'## .......#
.......# ######'#
#__#...#+#############
#__#...#.§≈§≈'.#.c...+
#__#...#§#§§§#.#.#...#
#__#...'.#.§.#.#.# c.#
#__'...#.#§.§#..@# .#
▓▓▓▓▓▓▓▓▓▓▓▓▓▓▓▓▓▓ #


You could see a centaur warrior.

Vanquished Creatures
  Erica (D)
  A deep elf pyromancer (D)
  A shadow (D)
  A spatial vortex (D)
  A necrophage (D)
  2 centaurs (D)
  An earth elemental (D)
  A water elemental (D)
  A scorpion (D)
  A jelly (D)
  A necromancer (D)
  A wizard (D)
  A kobold demonologist (D)
  3 humans (D)
  An endoplasm (D)
  3 rats (D)
21 creatures vanquished.

Notes
Turn   | Place    | Note
-------+----------+-------------------------------------------
     0 | D        | mhtbhm the Spriggan Earth Elementalist began the quest for
                  | the Orb.
     0 | D        | Reached XP level 1. HP: 9/9 MP: 5/5
    58 | D        | Reached skill level 3 in Spellcasting
   127 | D        | Reached skill level 4 in Spellcasting
   127 | D        | Reached XP level 2. HP: 10/13 MP: 0/8
   196 | D        | Learned a level 2 spell: Passwall
   221 | D        | Noticed a scorpion
   348 | D        | Killed a scorpion
   349 | D        | Reached skill level 6 in Spellcasting
   349 | D        | Reached skill level 5 in Earth Magic
   349 | D        | Reached XP level 3. HP: 16/16 MP: 6/12
   349 | D        | Reached XP level 4. HP: 21/21 MP: 6/13
   353 | D        | Learned a level 3 spell: Stone Arrow
   368 | D        | Noticed a water elemental
   378 | D        | Killed a water elemental
   379 | D        | Reached skill level 8 in Spellcasting
   503 | D        | Found a radiant altar of Vehumet.
   503 | D        | Found a shimmering blue altar of Sif Muna.
   503 | D        | Found an ancient bone altar of Kikubaaqudgha.
   503 | D        | Noticed a wizard
   505 | D        | Killed a wizard
   506 | D        | Reached XP level 5. HP: 24/24 MP: 12/17
   507 | D        | Reached skill level 9 in Spellcasting
   516 | D        | Became a worshipper of Vehumet
   527 | D        | Learned a level 5 spell: Lee's Rapid Deconstruction
   532 | D        | Learned a level 4 spell: Petrify
   566 | D        | Found a hide-covered altar of Uskayaw.
   566 | D        | Found an iron altar of Okawaru.
   566 | D        | Found a bloodstained altar of Trog.
   566 | D        | Found an ornate altar of the Wu Jian Council.
   566 | D        | Noticed a human
   566 | D        | Noticed a human
   569 | D        | Killed a human
   570 | D        | Reached skill level 10 in Spellcasting
   570 | D        | Reached skill level 1 in Conjurations
   570 | D        | Reached XP level 6. HP: 28/28 MP: 6/20
   608 | D        | Killed a human
   609 | D        | Reached skill level 11 in Spellcasting
   782 | D        | Found a basalt altar of Yredelemnul.
   782 | D        | Found a shadowy altar of Dithmenos.
   782 | D        | Found a sacrificial altar of Ru.
   783 | D        | Reached * piety under Vehumet
   783 | D        | Offered knowledge of Foxfire by Vehumet.
   784 | D        | Reached skill level 12 in Spellcasting
   785 | D        | Reached XP level 7. HP: 32/32 MP: 12/24
   850 | D        | Found a glowing silver altar of Zin.
   850 | D        | Found a glowing golden altar of the Shining One.
   850 | D        | Found a white marble altar of Elyvilon.
   850 | D        | Noticed a deep elf pyromancer
   853 | D        | Killed a deep elf pyromancer
   854 | D        | Reached skill level 5 in Stealth
   854 | D        | Reached skill level 14 in Spellcasting
   854 | D        | Reached skill level 10 in Earth Magic
   928 | D        | Reached ** piety under Vehumet
   928 | D        | Offered knowledge of Shock by Vehumet.
   928 | D        | Noticed a shadow
   929 | D        | Reached XP level 8. HP: 36/36 MP: 22/27
   998 | D        | Found a blossoming altar of Fedhas.
   998 | D        | Found a stormy altar of Qazlal.
   998 | D        | Found a snail-covered altar of Cheibriados.
   998 | D        | Found a burning altar of Makhleb.
   998 | D        | Found a shimmering altar of Xom.
   999 | D        | Found a hazy altar of Hepliaklqana.
   999 | D        | Found an opulent altar of Gozag.
   999 | D        | Found a sparkling altar of Nemelex Xobeh.
   999 | D        | Found a corrupted altar of Lugonu.
   999 | D        | Found a viscous altar of Jiyva.
  1066 | D        | Noticed Erica
  1069 | D        | Killed Erica
  1070 | D        | Reached skill level 15 in Spellcasting
  1141 | D        | Offered knowledge of Ignite Poison by Vehumet.
  1141 | D        | Reached *** piety under Vehumet
  1142 | D        | Reached XP level 9. HP: 39/39 MP: 15/29
  1221 | D        | Noticed a centaur warrior
  1223 | D        | Shot with an arrow by a centaur warrior

Illustrated notes

Levels and vault maps discovered:
D:        dungeon_sprint_mu [sprint_mu_entry_forest, sprint_mu_temple_rooms,
          sprint_mu_d1_horrors, sprint_mu_d2_genie, sprint_mu_d3_branching,
          sprint_mu_orc_legion, sprint_mu_elf_gauntlet, sprint_mu_hive_nellie,
          sprint_mu_lair_fedhas, sprint_mu_vaults_butterflies,
          sprint_mu_slime_circle, sprint_mu_shoals_kraken,
          sprint_mu_snake_twists, sprint_mu_blade_basic,
          sprint_mu_crypt_chambers, sprint_mu_tomb_spiral,
          sprint_mu_vestibule_basic, sprint_mu_gehenna_hellfire,
          sprint_mu_dis_giant, sprint_mu_tartarus_statrot,
          sprint_mu_cocytus_islands, sprint_mu_zot1]

Skill      XL: |  1  2  3  4  5  6  7  8 |
---------------+-------------------------+-----
Dodging        | 3 4 |  4.5
Earth Magic    | 4 5 7 8 9 10 12 | 12.4
Spellcasting   | 4 6 8 10 12 14 15 | 15.9
Stealth        | 4 5 |  5.2
Transmutations | 2 |  2.3
Conjurations   | 1 2 |  2.6

Action                   |  1- 3 |  4- 6 |  7- 9 || total
-------------------------+-------+-------+-------++-------
Melee: Unarmed           |     1 |       |       ||     1
 Cast: Sandblast         |    24 |     9 |       ||    33
       Passwall          |     1 |       |       ||     1
       Stone Arrow       |       |     4 |     2 ||     6
       Lee's Rapid Decon |       |     5 |    14 ||    19
  Use: Potion            |     2 |       |       ||     2
Armor: Robe              |       |     1 |       ||     1
Dodge: Dodged            |     8 |     2 |     1 ||    11

Table legend: (Time is in decaauts)
 A = Elapsed time spent in this place.
 B = Non-inter-level travel time spent in this place.
 C = Inter-level travel time spent in this place.
 D = Time resting spent in this place.
 E = Time spent auto-exploring this place.
 F = Levels seen in this place.
 G = Mean time per level.
                   A        B        C        D        E       F      G
               +--------+--------+--------+--------+--------+-----+--------+
         Total |   1103 |   1087 |     16 |    785 |      4 |   1 | 1103.0 |
       Dungeon |   1103 |   1087 |     16 |    785 |      4 |   1 | 1103.0 |
               +--------+--------+--------+--------+--------+-----+--------+

Top non-repeatable levels by time:
       D: 1103 daAuts
